 Dungeon Crawl Stone Soup version 0.17.0-55-g1383181 (console) character file.

8127 Kloppie the Arsonist (level 11, -10/97 HPs)
             Began as a Yellow Draconian Fire Elementalist on Dec 4, 2015.
             Was an Initiate of Vehumet.
             Mangled by Snorg (17 damage)
             ... on level 11 of the Dungeon.
             The game lasted 00:34:58 (14925 turns).

Kloppie the Arsonist (DrFE)                        Turns: 14925, Time: 00:34:58

Health: -10/97     AC: 18    Str: 11    XL:     11   Next: 5%
Magic:  4/14       EV: 14    Int: 19    God:    Vehumet [......]
Gold:   276        SH:  6    Dex: 11    Spells: 3 memorised, 4 levels left

rFire  . . .     SeeInvis .     i - +1 morningstar (protect)
rCold  . . .     Clarity  .     (armour unavailable)
rNeg   + . .     SustAt   .     E - +2 buckler
rPois  .         Gourm    .     (helmet restricted)
rElec  .         Spirit   .     k - +2 cloak {MR+}
rCorr  +         Warding  +     z - +2 pair of gloves
rMut   .         Stasis   .     (no boots)
MR     +....                    p - amulet of warding
Stlth  ++........               (no ring)
                                (no ring)

@: hasted, very quick, somewhat resistant to hostile enchantments, unstealthy
A: spit acid, acid resistance, unfitting armour, cold-blooded, AC +7
a: Spit Acid, Renounce Religion


You were on level 11 of the Dungeon.
You worshipped Vehumet.
Vehumet was noncommittal.
You were not hungry.

You visited 2 branches of the dungeon, and saw 12 of its levels.

You collected 555 gold pieces.
You spent 279 gold pieces at shops.

Inventory:

Hand Weapons
 c - a +1 hand axe
 i - a +1 morningstar of protection (weapon)
 v - a +1 whip of freezing
 y - a +2 whip of venom
Armour
 e - a +0 large shield
 k - a +2 cloak of magic resistance (worn)
 z - a +2 pair of gloves (worn)
 E - a +2 buckler (worn)
Jewellery
 p - an amulet of warding (around neck)
 t - an uncursed amulet of stasis {unknown}
 u - an uncursed ring of fire
 B - an uncursed amulet of guardian spirit
 G - an uncursed ring of protection from magic {unknown}
 M - an uncursed ring of magical power {unknown}
 P - an uncursed ring of flight {unknown}
Wands
 l - a wand of confusion (23)
 H - a wand of random effects (29)
 I - a wand of digging (13)
 L - a wand of draining (9)
Scrolls
 d - 2 scrolls of recharging {unknown}
 f - a scroll of teleportation
 g - 3 scrolls of immolation
 j - 4 scrolls of remove curse
 n - 2 scrolls of enchant armour
 o - 2 scrolls of fear
 C - 3 scrolls of enchant weapon
 F - 3 scrolls of identify
 J - a scroll of blinking
 R - a scroll of amnesia
Potions
 h - 5 potions of agility
 m - 3 potions of flight
 q - 2 potions of mutation
 r - 2 potions of resistance
 s - 2 potions of cancellation
 w - a potion of magic
 D - a potion of beneficial mutation {unknown}
 Q - a potion of curing
Books
 a - a book of Flames

   Spells                             Type                      Level
   a - Flame Tongue                   Conjuration/Fire             1
   b - Throw Flame                    Conjuration/Fire             2
   c - Conjure Flame                  Conjuration/Fire             3
   d - Inner Flame                    Hexes/Fire                   3
   e - Sticky Flame                   Conjuration/Fire             4
   f - Fireball                       Conjuration/Fire             5
Comestibles
 b - 9 bread rations
 A - 4 royal jellies
 K - 3 fruits
 O - a beef jerky


   Skills:
 + Level 9.6 Fighting
 + Level 6.6 Dodging
 - Level 1.7 Stealth
 - Level 4.0 Shields
 - Level 2.0 Spellcasting
 + Level 8.1 Conjurations
 - Level 9.7 Fire Magic


You had 4 spell levels left.
You knew the following spells:

 Your Spells              Type           Power        Failure   Level  Hunger
a - Flame Tongue          Conj/Fire      #####        1%          1    #......
b - Fireball              Conj/Fire      #####.....   14%         5    ######.
c - Sticky Flame          Conj/Fire      #####...     6%          4    #####..


Dungeon Overview and Level Annotations

Branches:
Dungeon (11/15)            Temple (1/1) D:4
   Lair: D:8-11         Orc: D:9-12

Altars:
Ashenzari
Cheibriados
Dithmenos
Elyvilon
Fedhas
Gozag
Kikubaaqudgha
Makhleb
Nemelex Xobeh
Okawaru
Qazlal
Ru
Sif Muna
Trog
Vehumet
Xom
Yredelemnul
Zin
The Shining One

Shops:
D:4 [

Annotations:
D:8 Acur's ghost, journeyman OpFi; Erolcha
D:10 exclusion: obsidian statue
D:11 Snorg


Innate Abilities, Weirdness & Mutations

You can spit globs of acid.
You are resistant to acid.
Your golden yellow scales are hard (AC +7).
Your body does not fit into most forms of armour.
You are cold-blooded and may be slowed by cold attacks.


Message History

Aim: Snorg (moderately wounded, berserk, fast, unusually strong)
The sticky flame hits Snorg.
Snorg is moderately wounded.
Snorg is covered in liquid flames!
Snorg burns!
Snorg bites you!!
* * * LOW HITPOINT WARNING * * *
You block Snorg's attack. Snorg closely misses you.
You hear a shout!
Snorg bites you.
* * * LOW HITPOINT WARNING * * *
Snorg claws you.
* * * LOW HITPOINT WARNING * * *
You block Snorg's attack.
There is a stone staircase leading up here.
Snorg burns!
Drink which item? (? for menu, Esc to quit)
You feel yourself speed up.
Snorg burns!
Snorg barely misses you. Snorg claws you.
* * * LOW HITPOINT WARNING * * *
Snorg barely misses you. Snorg bites you!
You die...

################
#...............
#..#%........#..
#..#.@.#.......>
#.....T#........
#..............#
#.###.######.#.#
#. ...# # #
#.....# #.##..#
#. #..# ...


You could see Snorg (berserk).

Vanquished Creatures
  Pikel (D:8)
  A trapdoor spider zombie (D:8)
  2 wraiths (D:10)
  3 hungry ghosts
  A mottled dragon (D:10)
  3 orc warriors
  A water moccasin (D:7)
  5 sky beasts
  A black bear (D:8)
  3 ice beasts (D:10)
  2 phantoms
  10 ogres
  4 centaurs
  4 big kobolds
  A wyvern zombie (D:8)
  6 giant frogs
  A wyvern skeleton (D:9)
  3 scorpions
  A water moccasin skeleton (D:4)
  3 killer bees (D:9)
  4 spriggan skeletons (D:9)
  16 wights
  2 crimson imps
  A jelly (D:8)
  2 centaur zombies
  4 centaur skeletons
  16 orc wizards
  2 giant frog skeletons
  A giant frog zombie (D:10)
  5 iguanas
  4 orc priests (D:7)
  6 hounds
  5 worker ants
  A hound zombie (D:6)
  2 hound skeletons
  A worker ant zombie (D:10)
  16 adders
  4 gnolls (D:5)
  7 shadow imps
  2 oozes
  An adder skeleton (D:5)
  4 worms
  4 giant geckos
  27 orcs
  A ball python (D:5)
  8 giant cockroaches
  11 goblins
  7 hobgoblins
  9 jackals
  26 kobolds
  9 quokkas
  8 bats
  2 giant gecko skeletons
  5 giant newts
  2 quokka skeletons
  A quokka zombie (D:6)
  12 rats
294 creatures vanquished.

Vanquished Creatures (others)
  4 slaves (D:8)
  2 centaurs (D:8)
  An orc wizard (D:8)
  A worm (D:3)
  An orc (D:8)
9 creatures vanquished.

Grand Total: 303 creatures vanquished

Notes
Turn   | Place    | Note
--------------------------------------------------------------
     0 | D:1      | Kloppie the Draconian Fire Elementalist began the quest for the Orb.
     0 | D:1      | Reached XP level 1. HP: 14/14 MP: 3/3
   234 | D:1      | Reached XP level 2. HP: 17/20 MP: 5/5
   775 | D:2      | Reached XP level 3. HP: 19/26 MP: 2/6
   984 | D:2      | Reached skill level 4 in Fire Magic
  1047 | D:2      | Reached XP level 4. HP: 10/33 MP: 1/7
  2188 | D:3      | Found a stormy altar of Qazlal.
  2572 | D:3      | Found a faded altar to an unknown god.
  2575 | D:3      | Reached XP level 5. HP: 33/38 MP: 4/8
  3042 | D:3      | Learned a level 5 spell: Fireball
  3044 | D:4      | Noticed an ogre
  3050 | D:4      | Killed an ogre
  3050 | D:4      | Reached skill level 5 in Fire Magic
  3165 | D:4      | Reached XP level 6. HP: 37/45 MP: 2/9
  3390 | D:4      | Found Roril's Armour Boutique.
  3879 | D:4      | Reached skill level 5 in Conjurations
  3975 | D:4      | Found a staircase to the Ecumenical Temple.
  3981 | Temple   | Entered the Ecumenical Temple
  4271 | D:5      | Entered Level 5 of the Dungeon
  4288 | D:5      | Reached skill level 6 in Fire Magic
  4288 | D:5      | Your scales start taking on a golden yellow colour.
  4288 | D:5      | Reached XP level 7. HP: 30/50 MP: 10/10
  5409 | D:5      | Found a white marble altar of Elyvilon.
  5443 | D:5      | Reached skill level 7 in Fire Magic
  5727 | D:5      | Reached XP level 8. HP: 21/57 MP: 1/11
  6191 | D:6      | Reached skill level 1 in Fighting
  6611 | D:6      | Reached skill level 1 in Shields
  6707 | D:6      | HP: 1/62 [orc warrior/short sword (5)]
  6759 | D:6      | HP: 3/62 [hound skeleton (3)]
  7111 | D:7      | Learned a level 4 spell: Sticky Flame
  7525 | D:7      | Reached XP level 9. HP: 72/72 MP: 9/12
  7718 | D:7      | Reached skill level 5 in Fighting
  8922 | D:7      | Reached skill level 8 in Fire Magic
  9227 | D:7      | Found a glowing silver altar of Zin.
  9227 | D:7      | Found an opulent altar of Gozag.
  9276 | D:8      | Noticed Erolcha
  9497 | D:8      | Noticed Acur's ghost (journeyman OpFi)
  9594 | D:6      | Found a bloodstained altar of Trog.
 10347 | D:4      | Bought a +2 cloak of magic resistance for 279 gold pieces
 10798 | D:8      | Noticed Pikel
 10806 | D:8      | Killed Pikel
 10806 | D:8      | Reached XP level 10. HP: 82/86 MP: 8/13
 10843 | D:8      | Reached skill level 9 in Fire Magic
 10855 | D:8      | Reached skill level 5 in Dodging
 10874 | D:8      | Found a shadowy altar of Dithmenos.
 10874 | D:8      | Found a glowing golden altar of the Shining One.
 11576 | D:9      | Found a radiant altar of Vehumet.
 11576 | D:9      | Found a snail-covered altar of Cheibriados.
 11578 | D:9      | Found a shattered altar of Ashenzari.
 13054 | D:10     | Entered Level 10 of the Dungeon
 13118 | D:10     | Noticed an obsidian statue
 13972 | D:9      | Found a bloodstained altar of Trog.
 13972 | D:9      | Found a blossoming altar of Fedhas.
 13983 | D:9      | Became a worshipper of Vehumet
 14412 | D:10     | Reached XP level 11. HP: 41/97 MP: 7/14
 14901 | D:11     | Noticed Snorg
 14925 | D:11     | Mangled by Snorg

Action                   |  1- 3 |  4- 6 |  7- 9 | 10-12 || total
-------------------------+-------+-------+-------+-------++-------
Melee: Unarmed           |    23 |       |       |       ||    23
       Hand axe          |    86 |   183 |     7 |       ||   276
       Whip              |       |       |   119 |       ||   119
       Morningstar       |       |       |   230 |   384 ||   614
 Cast: Flame Tongue      |    21 |    59 |   176 |   118 ||   374
       Sticky Flame      |       |       |     6 |     9 ||    15
  Use: Scroll            |       |     9 |     8 |     1 ||    18
       Potion            |       |       |     1 |     1 ||     2
 Stab: Sleeping          |     2 |     2 |     1 |     2 ||     7
  Eat: Chunk             |     1 |    11 |    18 |    15 ||    45
       Meat ration       |       |       |     1 |     1 ||     2
       Pizza             |       |       |     1 |       ||     1
       Fruit             |       |       |       |     2 ||     2
